SAAA
TREMONT DOUBLEDAYS @ PORT ROYAL DISASTER
08/15/2021
 
TOP OF THE 1ST
Tremont Doubledays batting - Pitching for Port Royal Disaster : RHP Reynaldo Ortíz
Pitching: RHP Reynaldo Ortíz
Batting: LHB Scott Britt 0-0: Called Strike
0-1: Swinging Strike
0-2: Ball
1-2: Strikes out swinging
Batting: SHB Jim Unknown 0-0: Ball
1-0: Called Strike
1-1: Ball
2-1: Ball
3-1: Foul Ball, location: 2F
3-2: Foul Ball, location: 2F
3-2: Ground out 4-3 (Groundball, 13)
Batting: RHB Taikan Miura 0-0: Foul Ball, location: 2F
0-1: Ball
1-1: Called Strike
1-2: Strikes out swinging
Top of the 1st over - 0 run(s), 0 hit(s), 0 error(s), 0 left on base; Tremont 0 - Port Royal 0
BOTTOM OF THE 1ST
Port Royal Disaster batting - Pitching for Tremont Doubledays : RHP Jim Unknown
Pitching: RHP Jim Unknown
Batting: SHB Bob Rogers 0-0: Called Strike
0-1: SINGLE (Flyball, 8RS)
Batting: LHB Peter Paul 0-0: Ball
1-0: Ball
2-0: Called Strike
2-1: Foul Ball, location: 2F
2-2: Hit by Pitch
Bob Rogers to second
Batting: RHB Mark Melton 0-0: Ball
Bob Rogers steals 3rd base
Peter Paul to second
1-0: Ball
2-0: Ball
3-0: Called Strike
3-1: Swinging Strike
3-2: Foul Ball, location: 2F
3-2: Base on Balls
Batting: RHB David Gómez 0-0: Foul Ball, location: 2F
0-1: Ball
1-1: Ball
2-1: SINGLE (Groundball, 4MS)
Bob Rogers scores
Peter Paul to third
Mark Melton to second
Runner from 3rd tries for Home, SAFE, no throw or cutoff
Batting: RHB Paul Smith 0-0: Swinging Strike
0-1: Foul Ball, location: 2F
0-2: Strikes out swinging
Batting: RHB Clint Anthony 0-0: Ball
1-0: Ball
2-0: Ball
3-0: Base on Balls
Mark Melton to third
David Gómez to second
Batting: LHB Keith McKnight 0-0: Ball
1-0: Ball
2-0: Called Strike
2-1: Ball
3-1: Swinging Strike
3-2: Base on Balls
Mark Melton scores
David Gómez to third
Clint Anthony to second
Batting: SHB Tim Moss 0-0: Fly out, F5 (Popup, 6)
Batting: RHB Xie-li Kan 0-0: Called Strike
0-1: Ball
1-1: Ball
2-1: Foul Ball, location: 2F
2-2: Ball
3-2: Fly out, F8 (Flyball, 8RD)
Bottom of the 1st over - 3 run(s), 2 hit(s), 0 error(s), 3 left on base; Tremont 0 - Port Royal 3
TOP OF THE 2ND
Tremont Doubledays batting - Pitching for Port Royal Disaster : RHP Reynaldo Ortíz
Batting: LHB Eric Ward 0-0: Called Strike
0-1: Ball
1-1: SINGLE (Flyball, 7S)
Batting: RHB Cory Hansen 0-0: Called Strike
0-1: Ball
1-1: Ball
2-1: Foul Ball, location: 2F
2-2: Strikes out swinging
Batting: RHB Jim Unknown 0-0: Ball
1-0: Called Strike
1-1: Foul Ball, location: 2F
1-2: Ball
2-2: Ball
3-2: Fly out, F8 (Flyball, 8RM)
Batting: RHB Jim Unknown 0-0: Ball
1-0: Called Strike
1-1: Ball
2-1: Foul Ball, location: 2F
2-2: Ball
3-2: Foul Ball, location: 2F
3-2: Ground out 6-3 (Groundball, 6)
Top of the 2nd over - 0 run(s), 1 hit(s), 0 error(s), 1 left on base; Tremont 0 - Port Royal 3
BOTTOM OF THE 2ND
Port Royal Disaster batting - Pitching for Tremont Doubledays : RHP Jim Unknown
Batting: SHB Bob Rogers 0-0: Ball
1-0: Called Strike
1-1: SINGLE (Line Drive, 78S)
Batting: LHB Peter Paul 0-0: Called Strike
0-1: Ball
Bob Rogers is caught stealing 2nd base
1-1: Called Strike
1-2: Ball
2-2: Foul Ball, location: 2F
2-2: Strikes out looking
Batting: RHB Mark Melton 0-0: Ball
1-0: Ground out 5-3 (Groundball, 56)
Bottom of the 2nd over - 0 run(s), 1 hit(s), 0 error(s), 0 left on base; Tremont 0 - Port Royal 3
TOP OF THE 3RD
Tremont Doubledays batting - Pitching for Port Royal Disaster : RHP Reynaldo Ortíz
Batting: RHB Francisco García 0-0: Ball
1-0: Ball
2-0: Called Strike
2-1: Foul Ball, location: 2F
2-2: Ground out U3 (Groundball, 3)
Batting: RHB Jim Unknown 0-0: Ball
1-0: Called Strike
1-1: Called Strike
1-2: Ball
2-2: Foul Ball, location: 2F
2-2: Ground out 5-3 (Groundball, 5)
Batting: LHB Scott Britt 0-0: Called Strike
0-1: Ground out U3 (Groundball, 3)
Top of the 3rd over - 0 run(s), 0 hit(s), 0 error(s), 0 left on base; Tremont 0 - Port Royal 3
BOTTOM OF THE 3RD
Port Royal Disaster batting - Pitching for Tremont Doubledays : RHP Jim Unknown
Batting: RHB David Gómez 0-0: Ball
1-0: Ground out 5-3 (Groundball, 56)
Batting: RHB Paul Smith 0-0: Ball
1-0: Foul Ball, location: 2F
1-1: Ball
2-1: Ground out 6-3 (Groundball, 6)
Batting: RHB Clint Anthony 0-0: Called Strike
0-1: Ball
1-1: Swinging Strike
1-2: Ball
2-2: Ball
3-2: Foul Ball, location: 2F
3-2: Ground out 4-3 (Groundball, 4)
Bottom of the 3rd over - 0 run(s), 0 hit(s), 0 error(s), 0 left on base; Tremont 0 - Port Royal 3
TOP OF THE 4TH
Tremont Doubledays batting - Pitching for Port Royal Disaster : RHP Reynaldo Ortíz
Batting: SHB Jim Unknown 0-0: Called Strike
0-1: Ball
1-1: Foul Ball, location: 2F
1-2: Fly out, F7 (Flyball, 7LM)
Batting: RHB Taikan Miura 0-0: Foul Ball, location: 2F
0-1: Ball
1-1: Foul Ball, location: 2F
1-2: SINGLE (Line Drive, 56D)
Batting: LHB Eric Ward 0-0: Ball
1-0: Ball
2-0: Foul Ball, location: 2F
2-1: Grounds into double play, 4-6-3 (Groundball, 34)
Top of the 4th over - 0 run(s), 1 hit(s), 0 error(s), 0 left on base; Tremont 0 - Port Royal 3
BOTTOM OF THE 4TH
Port Royal Disaster batting - Pitching for Tremont Doubledays : RHP Jim Unknown
Batting: LHB Keith McKnight 0-0: Called Strike
0-1: Fly out, F6 (Popup, 5L)
Batting: SHB Tim Moss 0-0: Ball
1-0: Foul Ball, location: 2F
1-1: Ground out 6-3 (Groundball, 6)
Batting: RHB Xie-li Kan 0-0: Fly out, F9 (Line Drive, 9M)
Bottom of the 4th over - 0 run(s), 0 hit(s), 0 error(s), 0 left on base; Tremont 0 - Port Royal 3
TOP OF THE 5TH
Tremont Doubledays batting - Pitching for Port Royal Disaster : RHP Reynaldo Ortíz
Batting: RHB Cory Hansen 0-0: Ball
1-0: Ball
2-0: Called Strike
2-1: Ground out 1-3 (Groundball, 13S)
Batting: RHB Jim Unknown 0-0: Called Strike
0-1: Ground out 5-3 (Groundball, 56)
Batting: RHB Jim Unknown 0-0: Called Strike
0-1: Swinging Strike
0-2: Foul Ball, location: 2F
0-2: Ball
1-2: Foul Ball, location: 2F
1-2: Foul Ball, location: 2F
1-2: Foul Ball, location: 2F
1-2: Ball
2-2: Foul Ball, location: 2F
2-2: Foul Ball, location: 2F
2-2: Foul Ball, location: 2F
2-2: Foul Ball, location: 2F
2-2: Ball
3-2: Strikes out swinging
Top of the 5th over - 0 run(s), 0 hit(s), 0 error(s), 0 left on base; Tremont 0 - Port Royal 3
BOTTOM OF THE 5TH
Port Royal Disaster batting - Pitching for Tremont Doubledays : RHP Jim Unknown
Batting: SHB Bob Rogers 0-0: Called Strike
0-1: SINGLE (Line Drive, 4D)
Batting: LHB Peter Paul 0-0: Ball
Bob Rogers steals 2nd base
1-0: Ball
2-0: Called Strike
2-1: Swinging Strike
2-2: Ball
3-2: Foul Ball, location: 2F
3-2: Reached on error, E6 (Groundball, 6M)
Bob Rogers to third
Batting: RHB Mark Melton 0-0: Foul Ball, location: 2F
0-1: Ball
1-1: Ball
2-1: SINGLE (Groundball, 56)
Bob Rogers scores
Peter Paul to second
Batting: RHB David Gómez 0-0: Ball
1-0: Called Strike
1-1: Ball
2-1: Ball
3-1: Foul Ball, location: 2F
3-2: Grounds into double play, 4-6-3 (Groundball, 4)
Peter Paul to third
Batting: RHB Paul Smith 0-0: Ball
1-0: Ball
2-0: Called Strike
2-1: Ground out 6-3 (Groundball, 6M)
Bottom of the 5th over - 1 run(s), 2 hit(s), 1 error(s), 1 left on base; Tremont 0 - Port Royal 4
TOP OF THE 6TH
Tremont Doubledays batting - Pitching for Port Royal Disaster : RHP Reynaldo Ortíz
Batting: RHB Francisco García 0-0: Ground out 6-3 (Groundball, 56)
Batting: RHB Jim Unknown 0-0: Foul Ball, location: 2F
0-1: Foul Ball, location: 2F
0-2: Foul Ball, location: 2F
0-2: Foul Ball, location: 2F
0-2: Foul Ball, location: 2F
0-2: Ground out 4-3 (Groundball, 4M)
Batting: LHB Scott Britt 0-0: Swinging Strike
0-1: Ball
1-1: Ball
2-1: Called Strike
2-2: Foul Ball, location: 2F
2-2: Strikes out swinging
Top of the 6th over - 0 run(s), 0 hit(s), 0 error(s), 0 left on base; Tremont 0 - Port Royal 4
BOTTOM OF THE 6TH
Port Royal Disaster batting - Pitching for Tremont Doubledays : RHP Jim Unknown
Batting: RHB Clint Anthony 0-0: Called Strike
0-1: Called Strike
0-2: Strikes out swinging
Batting: LHB Keith McKnight 0-0: Called Strike
0-1: Swinging Strike
0-2: Strikes out looking
Batting: SHB Tim Moss 0-0: Ball
1-0: Ball
2-0: Ball
3-0: Called Strike
3-1: Foul Ball, location: 2F
3-2: Base on Balls
Pitching: RHP Jim Unknown
Batting: RHB Xie-li Kan 0-0: Ball
1-0: Swinging Strike
1-1: Ground out 2-3 (Groundball, 23)
Bottom of the 6th over - 0 run(s), 0 hit(s), 0 error(s), 1 left on base; Tremont 0 - Port Royal 4
TOP OF THE 7TH
Tremont Doubledays batting - Pitching for Port Royal Disaster : RHP Reynaldo Ortíz
Batting: SHB Jim Unknown 0-0: Ball
1-0: Foul Ball, location: 2F
1-1: Foul Ball, location: 2F
1-2: Strikes out looking
Batting: RHB Taikan Miura 0-0: Called Strike
0-1: Ball
1-1: Ball
2-1: Swinging Strike
2-2: Foul Ball, location: 2F
2-2: Strikes out swinging
Batting: LHB Eric Ward 0-0: Swinging Strike
0-1: Ball
1-1: Foul Ball, location: 2F
1-2: Strikes out looking
Top of the 7th over - 0 run(s), 0 hit(s), 0 error(s), 0 left on base; Tremont 0 - Port Royal 4
BOTTOM OF THE 7TH
Port Royal Disaster batting - Pitching for Tremont Doubledays : RHP Jim Unknown
Batting: SHB Bob Rogers 0-0: Ground out U3 (Groundball, 3L)
Batting: LHB Peter Paul 0-0: Swinging Strike
0-1: Fly out, F7 (Flyball, 7M)
Batting: RHB Mark Melton 0-0: Ground out 5-3 (Groundball, 5S)
Bottom of the 7th over - 0 run(s), 0 hit(s), 0 error(s), 0 left on base; Tremont 0 - Port Royal 4
TOP OF THE 8TH
Tremont Doubledays batting - Pitching for Port Royal Disaster : RHP Reynaldo Ortíz
Batting: RHB Cory Hansen 0-0: Ball
1-0: Ball
2-0: Swinging Strike
2-1: Foul Ball, location: 2F
2-2: Ball
3-2: Base on Balls
Pitching: RHP Jorge Garza
Batting: RHB Jim Unknown 0-0: Foul Ball, location: 2F
0-1: Grounds into double play, 6-4-3 (Groundball, 6)
Batting: RHB Jim Unknown 0-0: Ball
1-0: Called Strike
1-1: SINGLE (Line Drive, 89S)
Batting: RHB Francisco García 0-0: Called Strike
0-1: Ball
1-1: Foul Ball, location: 2F
1-2: Foul Ball, location: 2F
1-2: Foul Ball, location: 2F
1-2: Foul Ball, location: 2F
1-2: Foul Ball, location: 2F
1-2: Ball
2-2: Foul Ball, location: 2F
2-2: Foul Ball, location: 2F
2-2: Strikes out looking
Top of the 8th over - 0 run(s), 1 hit(s), 0 error(s), 1 left on base; Tremont 0 - Port Royal 4
BOTTOM OF THE 8TH
Port Royal Disaster batting - Pitching for Tremont Doubledays : RHP Jim Unknown
Batting: RHB David Gómez 0-0: Foul Ball, location: 2F
0-1: Ball
1-1: Ball
2-1: Fly out, F9 (Flyball, 9D)
Batting: RHB Paul Smith 0-0: Called Strike
0-1: Ball
1-1: Foul Ball, location: 2F
1-2: Ball
2-2: Fly out, F9 (Flyball, 9M)
Batting: RHB Clint Anthony 0-0: Ball
1-0: Foul Ball, location: 2F
1-1: Swinging Strike
1-2: Strikes out swinging
Bottom of the 8th over - 0 run(s), 0 hit(s), 0 error(s), 0 left on base; Tremont 0 - Port Royal 4
TOP OF THE 9TH
Tremont Doubledays batting - Pitching for Port Royal Disaster : RHP Jorge Garza
Pitching: RHP Jim Unknown
Batting: RHB Jim Unknown 0-0: Ball
1-0: Ball
2-0: Called Strike
2-1: Foul Ball, location: 2F
2-2: Strikes out swinging
Batting: LHB Scott Britt 0-0: Swinging Strike
0-1: Foul Ball, location: 2F
0-2: Ball
1-2: Foul Ball, location: 2F
1-2: Foul Ball, location: 2F
1-2: Strikes out swinging
Batting: SHB Jim Unknown 0-0: Ground out 5-3 (Groundball, 6S)
Top of the 9th over - 0 run(s), 0 hit(s), 0 error(s), 0 left on base; Tremont 0 - Port Royal 4
This league is powered by Out of the Park Baseball, the baseball management simulation game for PC, Mac and Linux
Friday, January 22nd, 2016 - OOTP Baseball 16.9 Build 39